 Dungeon Crawl Stone Soup version 0.16-a0-3291-g9854cb9 (webtiles) character file.

115 Fiveotanaka the Digger (level 5, -3/28 HPs)
             Began as a Gargoyle Earth Elementalist on Dec 24, 2014.
             Slain by a killer bee (4 damage)
             ... on level 3 of the Dungeon.
             The game lasted 00:05:39 (2238 turns).

Fiveotanaka the Digger (GrEE)                       Turns: 2238, Time: 00:05:39

Health: -3/28      AC:  6    Str: 14    XL:     5   Next: 0%
Magic:  9/9        EV: 12    Int: 16    God:
Gold:   160        SH:  0    Dex: 10    Spells: 1 memorised, 7 levels left

rFire  . . .     SeeInvis .     k - +1 hand axe (venom)
rCold  . . .     Clarity  .     c - +0 robe
rNeg   + . .     SustAb   .     (no shield)
rPois  ∞         Gourm    .     (no helmet)
rElec  +         Spirit   .     (no cloak)
rCorr  .         Warding  .     (no gloves)
rMut   .         Stasis   .     (no boots)
MR     .....                    (no amulet)
Stlth  ++........               r - ring of flight
                                m - +2 ring of strength

@: not resistant to hostile enchantments, unstealthy
A: negative energy resistance 1, electricity resistance, unbreathing,
petrification resistance, rot immunity, AC +4
a: Evoke Flight


You were on level 3 of the Dungeon.
You were not hungry.

You visited 1 branch of the dungeon, and saw 3 of its levels.

You collected 160 gold pieces.

Inventory:

Hand weapons
 g - a +0 whip
 k - a +1 hand axe of venom (weapon)
Missiles
 b - 77 stones (quivered)
 o - 14 poisoned needles
Armour
 c - a +0 robe (worn)
Jewellery
 m - a +2 ring of strength (left hand)
 r - a ring of flight (right hand)
Scrolls
 e - 2 scrolls of identify {unknown}
 h - a scroll of magic mapping {unknown}
 p - 2 scrolls of remove curse {unknown}
Potions
 i - a potion of heal wounds {unknown}
 n - a potion of curing {unknown}
 q - a potion of ambrosia {unknown}
 u - a potion of poison {unknown}
Books
 d - a book of Geomancy

   Spells                             Type                      Level
   a - Sandblast                      Earth                        1
   b - Stoneskin                      Transmutation/Earth          2
   c - Passwall                       Transmutation/Earth          3
   d - Stone Arrow                    Conjuration/Earth            3
   e - Petrify                        Transmutation/Earth          4
   f - Lee's Rapid Deconstruction     Earth                        5
 t - a book of Callings

   Spells                             Type                      Level
   a - Summon Small Mammal            Summoning                    1
   b - Call Imp                       Summoning                    2
   c - Call Canine Familiar           Summoning                    3
   d - Summon Guardian Golem          Hexes/Summoning              4
   e - Summon Lightning Spire         Summoning/Air                4
   f - Summon Ice Beast               Ice/Summoning                4
Comestibles
 a - 2 bread rations
 f - a fruit
 j - a beef jerky
 l - a royal jelly
 s - 7 chunks of flesh


   Skills:
 - Level 1.5 Dodging
 - Level 2.1 Stealth
 - Level 2.0 Spellcasting
   Level 0.7 Transmutations
 + Level 6.6 Earth Magic


You had 7 spell levels left.
You knew the following spells:

 Your Spells              Type           Power        Failure   Level  Hunger
a - Sandblast             Erth           ###...       1%          1    #......


Dungeon Overview and Level Annotations

Branches:
Dungeon (3/15)

Altars:
Elyvilon

Annotations:
D:3 Robin


Innate Abilities, Weirdness & Mutations

You are resistant to torment.
You are immune to poison.
Your stone body is very resilient (AC +4).
You resist negative energy.
You are resistant to electric shocks.
You can survive without breathing.
You are immune to petrification.
You are immune to rotting.


Message History

* * * LOW HITPOINT WARNING * * *
You miss the killer bee.
The killer bee is severely wounded.
You hear the slow rusting of a drain, a long way away.
You kill the killer bee!
You have reached level 5!
The kobold throws a stone.
The stone barely misses you.
Robin of the Strong Arm comes into view.
She is wielding a club.
The kobold throws a stone.
The stone closely misses you.
The kobold throws a stone.
The stone hits you but does no damage.
You see here a stone.
The killer bee buzzes angrily.
The kobold throws a stone.
The stone hits you but does no damage.
You see here a stone.
The killer bee stings you.
* * * LOW HITPOINT WARNING * * *
Found a leather armour.
You see here 2 stones.
You barely miss the killer bee. The killer bee stings you.
You die...

#..........# .# .
#...)......# .# .#
#..........###.# .#
#####..............#..#
#..............#......#
.........y.....#....#....
..##.!...........#..#
.g.g.....y.......##.#####
.#..####..K..((y@<......[
#. #...####..#######.. #y
#....# #..# . (......#
#..# .....##.# #.## .....
#.# ..# ..## #.# #..# .
#.# #..# #.# ..#


You could see 3 killer bees and a kobold.

Vanquished Creatures
  A killer bee (D:3)
  Ijyb (D:2)
  A worm (D:2)
  3 giant geckos
  4 bats
  10 hobgoblins
  4 jackals (D:2)
  6 kobolds
  A giant cockroach (D:1)
  A giant newt (D:1)
  7 goblins
  4 rats
43 creatures vanquished.

Notes
Turn   | Place    | Note
--------------------------------------------------------------
     0 | D:1      | Fiveotanaka, the Gargoyle Earth Elementalist, began the quest for the Orb.
     0 | D:1      | Reached XP level 1. HP: 10/10 MP: 3/3
   159 | D:1      | Reached skill level 4 in Earth Magic
   291 | D:1      | Reached XP level 2. HP: 15/15 MP: 1/4
  1398 | D:2      | Found a white marble altar of Elyvilon.
  1418 | D:2      | Reached skill level 5 in Earth Magic
  1418 | D:2      | Reached XP level 3. HP: 19/19 MP: 0/6
  1740 | D:2      | Noticed Ijyb
  1757 | D:2      | Killed Ijyb
  1904 | D:2      | Reached XP level 4. HP: 24/24 MP: 7/7
  2195 | D:3      | Reached skill level 6 in Earth Magic
  2232 | D:3      | Reached XP level 5. HP: 3/28 MP: 9/9
  2233 | D:3      | Noticed Robin
  2237 | D:3      | HP: 1/28 [killer bee (3)]
  2238 | D:3      | Slain by a killer bee

Action                   |  1- 3 |  4- 6 || total
-------------------------+-------+-------++-------
Melee: Unarmed           |     4 |       ||     4
       Whip              |     4 |       ||     4
       Hand axe          |    23 |    26 ||    49
 Cast: Sandblast         |    48 |     4 ||    52
 Stab: Sleeping          |     1 |       ||     1
  Eat: Chunk             |     4 |     1 ||     5
